 Dungeon Crawl Stone Soup version 0.21.1-1-g345015f (webtiles) character file.

119 lotte the Magician (level 5, -10/31 HPs)
             Began as an Octopode Wizard on June 30, 2018.
             Was an Initiate of Qazlal.
             Killed by divine providence
             ... invoked by an orc priest
              (15 damage)
             ... on level 3 of the Dungeon.
             The game lasted 00:14:43 (2624 turns).

lotte the Magician (Octopode Wizard)                Turns: 2624, Time: 00:14:44

Health: -10/31     AC:  1    Str:  6    XL:     5   Next: 3%
Magic:  11/20      EV: 13    Int: 21    God:    Qazlal [......]
Gold:   105        SH:  6    Dex: 11    Spells: 7/12 levels left

rFire    . . .     SeeInvis .   l - +0 dagger (protect)
rCold    . . .     Gourm    .   (no shield)
rNeg     . . .     Faith    .   a - +0 hat
rPois    .         Spirit   .   i - +6 amulet of reflection
rElec    .         Reflect  +   p - ring of magical power
rCorr    .         Harm     .   (no ring)
MR       .....                  (no ring)
Stlth    +++.......             (no ring)
HPRegen  0.10/turn              (no ring)
MPRegen  0.17/turn              (no ring)
                                (no ring)
                                (no ring)

@: no status effects
A: almost no armour, stealthy swim, amphibious, 8 rings, constrict 8, camouflage
1, gelatinous body 1
a: Renounce Religion


You were on level 3 of the Dungeon.
You worshipped Qazlal.
Qazlal was noncommittal.
You were not hungry.

You visited 1 branch of the dungeon, and saw 3 of its levels.

You collected 105 gold pieces.

Inventory:

Hand Weapons
 h - a +0 whip
 l - a +0 dagger of protection (weapon)
Armour
 a - a +0 hat (worn)
Jewellery
 i - a +6 amulet of reflection (around mantle)
 p - a ring of magical power (left tentacle)
Scrolls
 e - a scroll of fog
 g - 2 scrolls of identify
 m - a scroll of blinking {unknown}
 n - a scroll of enchant weapon {unknown}
 o - a scroll of noise {unknown}
 r - 2 scrolls of remove curse {unknown}
 t - a scroll of teleportation {unknown}
 u - a scroll of amnesia {unknown}
Potions
 d - a potion of curing {unknown}
 f - a potion of haste {unknown}
 j - a potion of mutation {unknown}
 k - a potion of agility {unknown}
 q - a potion of heal wounds {unknown}
 s - a potion of berserk rage {unknown}
 v - a potion of flight {unknown}
Books
 b - a book of Minor Magic

   Spells                             Type                      Level
   a - Magic Dart                     Conjuration                  1
   b - Blink                          Translocation                2
   c - Call Imp                       Summoning                    2
   d - Slow                           Hexes                        2
   e - Conjure Flame                  Conjuration/Fire             3
   f - Mephitic Cloud                 Conjuration/Poison/Air       3
Comestibles
 c - 5 rations
 w - 2 inedible chunks of flesh


   Skills:
 - Level 0.6 Short Blades
 - Level 2.0 Dodging
 - Level 3.4 Stealth
 - Level 0.2 Unarmed Combat
 + Level 4.2 Spellcasting
 * Level 2.7 Conjurations
 - Level 1.0 Summonings
   Level 1.0 Translocations


You had 7 spell levels left.
You knew the following spells:

 Your Spells              Type           Power        Failure   Level  Hunger
a - Magic Dart            Conj           ###.         3%          1    None
b - Call Imp              Summ           #.......     12%         2    #......
c - Slow                  Hex            #.......     19%         2    #......


Dungeon Overview and Level Annotations

Branches:
Dungeon (3/15)

Altars:
Qazlal


Innate Abilities, Weirdness & Mutations

You cannot wear most types of armour.
You are very stealthy in the water. (Stealth+)
You are amphibious.
You can wear up to eight rings at the same time.
You can use your tentacles to constrict eight enemies at once.
Your skin changes colour to match your surroundings (Stealth+).
Your rubbery body absorbs attacks. (AC +1, EV +1)


Message History

* * * LOW HITPOINT WARNING * * *
Found 12 gold pieces.
The giant cockroach closely misses you.
Found a murky yellow potion.
A rat and a giant cockroach come into view.
The giant cockroach bites you but does no damage.
Found a stone staircase leading down.
The giant cockroach bites you.
* * * LOW HITPOINT WARNING * * *
You block the giant cockroach's attack.
There is a stone staircase leading up here.
The giant cockroach bites you.
* * * LOW HITPOINT WARNING * * *
You climb upwards.
There is a stone staircase leading down here.
The giant cockroach misses you.
You climb downwards.
The orc barely misses you.
The orc priest mumbles some strange prayers to Beogh against you.
Beogh smites you!
You die...

######### ........#
........# .... ..!...s.#
#..... .......@# #.....
...$...o### .....
......sK.K#### #.....
........#o...#####......
........##.........# #.#
.r.....>##.####...## #.#
........#..# ###.####.<
#########.## #.......
###.# #######.


You could see an orc priest, an orc, 2 giant cockroaches, a kobold and a rat
(sleeping).

Vanquished Creatures
  6 adders
  A worm (D:2)
  2 dart slugs
  2 leopard geckos
  An orc (D:3)
  7 bats
  4 giant cockroaches
  5 goblins
  5 hobgoblins
  2 jackals (D:2)
  7 kobolds
  A ball python (D:2)
  6 frilled lizards
  9 rats
58 creatures vanquished.

Notes
Turn   | Place    | Note
-------+----------+-------------------------------------------
     0 | D:1      | lotte the Octopode Wizard began the quest for the Orb.
     0 | D:1      | Reached XP level 1. HP: 11/11 MP: 4/4
   204 | D:1      | Reached XP level 2. HP: 14/17 MP: 0/6
  1237 | D:2      | Reached XP level 3. HP: 21/21 MP: 5/8
  1554 | D:2      | Reached XP level 4. HP: 27/27 MP: 5/9
  1618 | D:2      | Reached skill level 4 in Spellcasting
  2074 | D:2      | Learned a level 2 spell: Call Imp
  2079 | D:2      | Noticed an air elemental
  2081 | D:2      | Found a stormy altar of Qazlal.
  2083 | D:2      | Noticed a fire elemental
  2083 | D:2      | Noticed a water elemental
  2083 | D:2      | Noticed an earth elemental
  2089 | D:2      | Became a worshipper of Qazlal Stormbringer
  2157 | D:2      | Learned a level 2 spell: Slow
  2587 | D:3      | Reached XP level 5. HP: 31/31 MP: 11/11
  2624 | D:3      | Killed from afar by an orc priest

Skill      XL: |  1  2  3  4 |
---------------+-------------+-----
Stealth        | 3 |  3.4
Spellcasting   | 4 |  4.2
Conjurations   | 2 |  2.7
Short Blades   | |  0.6
Dodging        | |  2.0
Unarmed Combat | |  0.2
Summonings     | |  1.0
Translocations | |  1.0

Action                   |  1- 3 |  4- 6 || total
-------------------------+-------+-------++-------
Melee: Unarmed           |    23 |       ||    23
       Constrict         |    13 |     5 ||    18
       Tentacles         |     9 |     1 ||    10
       Dagger            |    42 |    20 ||    62
 Cast: Magic Dart        |    46 |    58 ||   104
       Slow              |       |     2 ||     2
  Use: Scroll            |       |     1 ||     1
  Eat: Chunk             |     2 |     3 ||     5
Armor: Skin              |    29 |     9 ||    38
Dodge: Dodged            |    70 |    16 ||    86
Block: Other             |    13 |    12 ||    25
       Reflection        |       |     1 ||     1
